| TOP OF THE 1ST |
|
Burlington Bees batting - Pitching for Greenville Drive : RHP Cody Humphries
|
|
Pitching: RHP Cody Humphries
|
|
|
Batting: RHB Danny Bjarnson
|
0-0: Called Strike 0-1: Ball 1-1: Ball 2-1: Foul Ball, location: 2F 2-2: Fly out, F9 (Flyball, 9, EV 85.6 MPH)
|
|
Batting: RHB Rory Cobb
|
0-0: Ball 1-0: Ball 2-0: Foul Ball, location: 2F 2-1: Ball 3-1: Fly out, F7 (Flyball, 7S, EV 91.2 MPH)
|
|
Batting: LHB Dave Hicks
|
0-0: Called Strike 0-1: Foul Ball, location: 2F 0-2: Ball 1-2: SOLO HOME RUN (Line Drive, 9D, EV 98.8 MPH), Distance : 402 ft
|
|
Batting: SHB Danny Gelinas
|
0-0: Foul Ball, location: 2F 0-1: Foul Ball, location: 2F 0-2: Foul Ball, location: 2F 0-2: Ball 1-2: Foul Ball, location: 2F 1-2: Ball 2-2: Ball 3-2: Foul Ball, location: 2F 3-2: Base on Balls
|
|
Batting: RHB Peter Westover
|
0-0: Swinging Strike 0-1: Ball 1-1: Swinging Strike 1-2: Strikes out swinging
|
| Top of the 1st over - 1 run, 1 hit, 0 errors, 1 left on base; Burlington 1 - Greenville 0 |
| BOTTOM OF THE 1ST |
|
Greenville Drive batting - Pitching for Burlington Bees : RHP Eddie Garabito
|
|
Pitching: RHP Eddie Garabito
|
|
|
Batting: RHB Jim Hubbard
|
0-0: Ball 1-0: Ball 2-0: Foul Ball, location: 2F 2-1: Foul Ball, location: 2F 2-2: Foul Ball, location: 2F 2-2: Ball 3-2: Base on Balls
|
|
Batting: RHB Tony Nunez
|
0-0: Called Strike 0-1: Ball 1-1: Ball 2-1: Ball 3-1: Swinging Strike 3-2: Base on Balls Jim Hubbard to second
|
|
Batting: RHB Alex Cardenas
|
0-0: Called Strike 0-1: Swinging Strike 0-2: Ball 1-2: Ball 2-2: Strikes out swinging
|
|
Batting: LHB Danny Montoya
|
0-0: Called Strike 0-1: Fly out, F9 (Line Drive, 9LM, EV 90.6 MPH)
|
|
Batting: SHB Robert Soto
|
0-0: Ball 1-0: SINGLE (Groundball, 4MD, EV 96.9 MPH) Jim Hubbard to third Tony Nunez to second Runner from 3rd tries for Home, throw by CF and OUT! 8-2
|
| Bottom of the 1st over - 0 runs, 1 hit, 0 errors, 2 left on base; Burlington 1 - Greenville 0 |
| TOP OF THE 2ND |
|
Burlington Bees batting - Pitching for Greenville Drive : RHP Cody Humphries
|
|
Batting: RHB Juan Rosa
|
0-0: Ball 1-0: Swinging Strike 1-1: Foul Ball, location: 2F 1-2: Ball 2-2: Ball 3-2: Foul Ball, location: 2F 3-2: Foul Ball, location: 2F 3-2: Fly out, F8 (Flyball, 8RXD, EV 95.0 MPH)
|
|
Batting: LHB Alberto Carrillo
|
0-0: Called Strike 0-1: Ball 1-1: Swinging Strike 1-2: Ball 2-2: Foul Ball, location: 2F 2-2: Ground out U3 (Groundball, 3, EV 111.9 MPH)
|
|
Batting: RHB Davey Verhoog
|
0-0: Foul Ball, location: 2F 0-1: Swinging Strike 0-2: Foul Ball, location: 2F 0-2: Ball 1-2: Strikes out looking
|
| Top of the 2nd over - 0 runs, 0 hits, 0 errors, 0 left on base; Burlington 1 - Greenville 0 |
| BOTTOM OF THE 2ND |
|
Greenville Drive batting - Pitching for Burlington Bees : RHP Eddie Garabito
|
|
Batting: RHB Bobby Schimke
|
0-0: Ball 1-0: Foul Ball, location: 2F 1-1: Ball 2-1: Ball 3-1: Called Strike 3-2: Strikes out swinging
|
|
Batting: LHB John Buff
|
0-0: Ball 1-0: Foul Ball, location: 2F 1-1: Ball 2-1: Foul Ball, location: 2F 2-2: Ball 3-2: Strikes out swinging
|
|
Batting: RHB Ted Emmerich
|
0-0: Ground out 4-3 (Groundball, 4MS, EV 86.2 MPH)
|
| Bottom of the 2nd over - 0 runs, 0 hits, 0 errors, 0 left on base; Burlington 1 - Greenville 0 |
| TOP OF THE 3RD |
|
Burlington Bees batting - Pitching for Greenville Drive : RHP Cody Humphries
|
|
Batting: RHB Dan Burkhart
|
0-0: Swinging Strike 0-1: Called Strike 0-2: Strikes out swinging
|
|
Batting: RHB Danny Bjarnson
|
0-0: Foul Ball, location: 2F 0-1: Ground out U3 (Groundball, 3, EV 85.6 MPH)
|
|
Batting: RHB Rory Cobb
|
0-0: Ball 1-0: Called Strike 1-1: Ball 2-1: Foul Ball, location: 2F 2-2: Ball 3-2: Foul Ball, location: 2F 3-2: Base on Balls
|
|
Batting: LHB Dave Hicks
|
0-0: Ball 1-0: Foul Ball, location: 2F 1-1: Ground out 4-3 (Groundball, 4, EV 101.2 MPH)
|
| Top of the 3rd over - 0 runs, 0 hits, 0 errors, 1 left on base; Burlington 1 - Greenville 0 |
| BOTTOM OF THE 3RD |
|
Greenville Drive batting - Pitching for Burlington Bees : RHP Eddie Garabito
|
|
Batting: RHB Roger Mitchell
|
0-0: Ball 1-0: Called Strike 1-1: Foul Ball, location: 2F 1-2: Ball 2-2: Ground out 6-3 (Groundball, 6, EV 87.5 MPH)
|
|
Batting: RHB Jim Hubbard
|
0-0: Foul Ball, location: 2F 0-1: Ball 1-1: Ground out U3 (Groundball, 34S, EV 92.5 MPH)
|
|
Batting: RHB Tony Nunez
|
0-0: Called Strike 0-1: Ball 1-1: SINGLE (Groundball, 56D, EV 103.8 MPH)
|
|
Batting: RHB Alex Cardenas
|
0-0: Ball Tony Nunez steals 2nd, throwing error, E2 Tony Nunez to third 1-0: Ball 2-0: Ball 3-0: Fly out, F9 (Flyball, 89M, EV 80.0 MPH)
|
| Bottom of the 3rd over - 0 runs, 1 hit, 1 error, 1 left on base; Burlington 1 - Greenville 0 |
| TOP OF THE 4TH |
|
Burlington Bees batting - Pitching for Greenville Drive : RHP Cody Humphries
|
|
Batting: SHB Danny Gelinas
|
0-0: Ball 1-0: Ball 2-0: Ball 3-0: Base on Balls
|
|
Batting: RHB Peter Westover
|
0-0: Ball 1-0: SINGLE (Groundball, 25, EV 73.1 MPH) (infield hit) Danny Gelinas to second
|
|
Batting: RHB Juan Rosa
|
0-0: Ball 1-0: Foul Ball, location: 2F 1-1: Foul Ball, location: 2F 1-2: Foul Ball, location: 2F 1-2: Strikes out looking
|
|
Batting: LHB Alberto Carrillo
|
0-0: Called Strike 0-1: Ball 1-1: Fly out, F8 (Flyball, 8RD, EV 94.4 MPH) Runner from 2nd tags up, OUT at 3rd! 8-5
|
| Top of the 4th over - 0 runs, 1 hit, 0 errors, 1 left on base; Burlington 1 - Greenville 0 |
| BOTTOM OF THE 4TH |
|
Greenville Drive batting - Pitching for Burlington Bees : RHP Eddie Garabito
|
|
Batting: LHB Danny Montoya
|
0-0: SOLO HOME RUN (Flyball, 89XD, EV 110.6 MPH), Distance : 442 ft
|
|
Batting: SHB Robert Soto
|
0-0: Called Strike 0-1: Ball 1-1: Foul Ball, location: 2F 1-2: Foul Ball, location: 2F 1-2: Ball 2-2: Strikes out swinging
|
|
Batting: RHB Bobby Schimke
|
0-0: Ball 1-0: Ball 2-0: Called Strike 2-1: Called Strike 2-2: Ball 3-2: Foul Ball, location: 2F 3-2: Foul Ball, location: 2F 3-2: Foul Ball, location: 2F 3-2: Base on Balls
|
|
Batting: LHB John Buff
|
0-0: Ball 1-0: Swinging Strike 1-1: Foul Ball, location: 2F 1-2: Strikes out swinging
|
|
Batting: RHB Ted Emmerich
|
0-0: Ball Passed Ball! Bobby Schimke to second 1-0: Foul Ball, location: 2F 1-1: Ball 2-1: Ball 3-1: Base on Balls
|
|
Batting: RHB Roger Mitchell
|
0-0: Swinging Strike 0-1: Ball Passed Ball! Bobby Schimke to third Ted Emmerich to second 1-1: Ball 2-1: Ball 3-1: Fly out, F9 (Flyball, 9LM, EV 89.4 MPH)
|
| Bottom of the 4th over - 1 run, 1 hit, 0 errors, 2 left on base; Burlington 1 - Greenville 1 |
| TOP OF THE 5TH |
|
Burlington Bees batting - Pitching for Greenville Drive : RHP Cody Humphries
|
|
Batting: RHB Davey Verhoog
|
0-0: Swinging Strike 0-1: Foul Ball, location: 2F 0-2: Ball 1-2: Strikes out swinging
|
|
Batting: RHB Dan Burkhart
|
0-0: Swinging Strike 0-1: Ball 1-1: Ball 2-1: Fly out, F8 (Flyball, 8LD, EV 103.8 MPH)
|
|
Batting: RHB Danny Bjarnson
|
0-0: Called Strike 0-1: Foul Ball, location: 2F 0-2: Ball 1-2: Ground out 4-3 (Groundball, 4, EV 81.9 MPH)
|
| Top of the 5th over - 0 runs, 0 hits, 0 errors, 0 left on base; Burlington 1 - Greenville 1 |
| BOTTOM OF THE 5TH |
|
Greenville Drive batting - Pitching for Burlington Bees : RHP Eddie Garabito
|
|
Batting: RHB Jim Hubbard
|
0-0: Ball 1-0: Foul Ball, location: 2F 1-1: Fly out, F4 (Popup, 3S, EV 77.5 MPH)
|
|
Batting: RHB Tony Nunez
|
0-0: Called Strike 0-1: Ball 1-1: Swinging Strike 1-2: Strikes out looking
|
|
Batting: RHB Alex Cardenas
|
0-0: Called Strike 0-1: Foul Ball, location: 2F 0-2: Ball 1-2: Foul Ball, location: 2F 1-2: Ball 2-2: Fly out, F7 (Flyball, 78S, EV 89.4 MPH)
|
| Bottom of the 5th over - 0 runs, 0 hits, 0 errors, 0 left on base; Burlington 1 - Greenville 1 |
| TOP OF THE 6TH |
|
Burlington Bees batting - Pitching for Greenville Drive : RHP Cody Humphries
|
|
Batting: RHB Rory Cobb
|
0-0: Ball 1-0: Called Strike 1-1: Ball 2-1: Ball 3-1: Ground out 4-3 (Groundball, 34, EV 97.5 MPH)
|
|
Pitching: RHP Adrian Colorado
|
|
|
Batting: LHB Dave Hicks
|
0-0: Ball 1-0: Called Strike 1-1: Foul Ball, location: 2F 1-2: Fly out, F7 (Flyball, 7LS, EV 95.6 MPH)
|
|
Batting: SHB Danny Gelinas
|
0-0: Ball 1-0: Called Strike 1-1: Ball 2-1: SINGLE (Groundball, 4D, EV 106.2 MPH)
|
|
Batting: RHB Peter Westover
|
0-0: Called Strike 0-1: Foul Ball, location: 2F 0-2: Foul Ball, location: 2F 0-2: Foul Ball, location: 2F 0-2: Foul Ball, location: 2F 0-2: Ball 1-2: Strikes out swinging
|
| Top of the 6th over - 0 runs, 1 hit, 0 errors, 1 left on base; Burlington 1 - Greenville 1 |
| BOTTOM OF THE 6TH |
|
Greenville Drive batting - Pitching for Burlington Bees : RHP Eddie Garabito
|
|
Pitching: RHP Manuel Vega
|
|
|
Batting: LHB Danny Montoya
|
0-0: Ball 1-0: Foul Ball, location: 2F 1-1: Ball 2-1: Ball 3-1: Called Strike 3-2: Fly out, F9 (Line Drive, 9, EV 102.5 MPH)
|
|
Batting: SHB Robert Soto
|
0-0: Swinging Strike 0-1: Ball 1-1: Called Strike 1-2: Ball 2-2: Ball 3-2: Ground out 4-3 (Groundball, 4M, EV 85.6 MPH)
|
|
Batting: RHB Bobby Schimke
|
0-0: Reached via error on a dropped throw from 1B, E1 (Groundball, 34S, EV 79.4 MPH)
|
|
Batting: LHB John Buff
|
0-0: Called Strike 0-1: Fielders Choice at 2nd, 6-4 (Groundball, 6, EV 86.2 MPH)
|
| Bottom of the 6th over - 0 runs, 0 hits, 1 error, 1 left on base; Burlington 1 - Greenville 1 |
| TOP OF THE 7TH |
|
Burlington Bees batting - Pitching for Greenville Drive : RHP Adrian Colorado
|
|
Batting: RHB Juan Rosa
|
0-0: Ball 1-0: Ground out 5-3 (Groundball, 5L, EV 90.6 MPH)
|
|
Batting: LHB Alberto Carrillo
|
0-0: Ball 1-0: Ball 2-0: Ball 3-0: Called Strike 3-1: SINGLE (Groundball, 34D, EV 103.8 MPH)
|
|
Batting: RHB Davey Verhoog
|
0-0: Ball 1-0: Ball 2-0: Foul Ball, location: 2F 2-1: Foul Ball, location: 2F 2-2: Foul Ball, location: 2F 2-2: Strikes out swinging
|
|
Batting: RHB Dan Burkhart
|
0-0: Ball 1-0: Called Strike 1-1: Ball 2-1: Called Strike 2-2: Ball 3-2: Foul Ball, location: 2F 3-2: Foul Ball, location: 2F 3-2: Base on Balls Alberto Carrillo to second
|
|
Batting: RHB Danny Bjarnson
|
0-0: Swinging Strike 0-1: Ball 1-1: Ground out 4-3 (Groundball, 4, EV 103.1 MPH)
|
| Top of the 7th over - 0 runs, 1 hit, 0 errors, 2 left on base; Burlington 1 - Greenville 1 |
| BOTTOM OF THE 7TH |
|
Greenville Drive batting - Pitching for Burlington Bees : RHP Manuel Vega
|
|
Pinch Hitting: LHB Kevin Rolison
|
0-0: Reached on error, E6 (Groundball, 6, EV 99.4 MPH)
|
|
Pinch Hitting: LHB Eddie Contreras
|
0-0: Ball 1-0: Ball Wild Pitch! Kevin Rolison to third 2-0: Ball 3-0: Called Strike 3-1: Base on Balls
|
|
Batting: RHB Jim Hubbard
|
0-0: Called Strike 0-1: Ball 1-1: SINGLE (Line Drive, 34, EV 108.8 MPH) Kevin Rolison scores Eddie Contreras to second
|
|
Batting: RHB Tony Nunez
|
0-0: Bunted foul 0-1: Sac Bunt to 13S - play at first, batter OUT! 1-4 Eddie Contreras to third Jim Hubbard to second
|
|
Batting: RHB Alex Cardenas
|
0-0: Foul Ball, location: 2F 0-1: Ball 1-1: Swinging Strike 1-2: Fly out, F9 (Flyball, 9LM, EV 94.4 MPH) Runner from 3rd tags up, SCORES, throw by RF Jim Hubbard to third
|
|
Batting: LHB Danny Montoya
|
0-0: Ground out 1-3 (Groundball, 13S, EV 66.2 MPH)
|
| Bottom of the 7th over - 2 runs, 1 hit, 1 error, 1 left on base; Burlington 1 - Greenville 3 |
| TOP OF THE 8TH |
|
Burlington Bees batting - Pitching for Greenville Drive : RHP Adrian Colorado
|
|
Pitching: RHP Ross Ratcliffe
|
|
|
Now at 2B: Bobby Schimke
|
|
|
Now at SS: Adugna Chandu
|
|
|
Now in RF: Victor Orozco
|
|
|
Batting: RHB Rory Cobb
|
0-0: Foul Ball, location: 2F 0-1: Ball 1-1: Swinging Strike 1-2: Hit by Pitch
|
|
Batting: LHB Dave Hicks
|
0-0: Ball 1-0: Ball 2-0: Foul Ball, location: 2F 2-1: Foul Ball, location: 2F 2-2: Grounds out, U3 (Groundball, 3L, EV 98.8 MPH)
|
|
Batting: SHB Danny Gelinas
|
0-0: Ball 1-0: Called Strike 1-1: SINGLE (Groundball, 34D, EV 97.5 MPH) (infield hit) Rory Cobb to third
|
|
Pitching: RHP Jon Olivo
|
|
|
Batting: RHB Peter Westover
|
0-0: Ball 1-0: Called Strike 1-1: Swinging Strike 1-2: Foul Ball, location: 2F 1-2: Ball 2-2: Strikes out looking
|
|
Batting: RHB Juan Rosa
|
0-0: Ball 1-0: SINGLE (Line Drive, 6MD, EV 106.9 MPH) Rory Cobb scores Danny Gelinas to second
|
|
Batting: LHB Alberto Carrillo
|
0-0: Ball 1-0: Fly out, F4 (Line Drive, 4, EV 71.2 MPH)
|
| Top of the 8th over - 1 run, 2 hits, 0 errors, 2 left on base; Burlington 2 - Greenville 3 |
| BOTTOM OF THE 8TH |
|
Greenville Drive batting - Pitching for Burlington Bees : RHP Manuel Vega
|
|
Pitching: RHP Nick Madrid
|
|
|
Batting: SHB Robert Soto
|
0-0: Called Strike 0-1: SINGLE (Groundball, 6MD, EV 100.6 MPH)
|
|
Batting: RHB Bobby Schimke
|
0-0: Ball 1-0: Called Strike 1-1: Foul Ball, location: 2F 1-2: Grounds into double play, 4-6-3 (Groundball, 34, EV 89.4 MPH)
|
|
Batting: LHB John Buff
|
0-0: Ground out 4-3 (Groundball, 4, EV 91.9 MPH)
|
| Bottom of the 8th over - 0 runs, 1 hit, 0 errors, 0 left on base; Burlington 2 - Greenville 3 |
| TOP OF THE 9TH |
|
Burlington Bees batting - Pitching for Greenville Drive : RHP Jon Olivo
|
|
Batting: RHB Davey Verhoog
|
0-0: Called Strike 0-1: Ball 1-1: Ball 2-1: Foul Ball, location: 2F 2-2: Strikes out swinging
|
|
Batting: RHB Dan Burkhart
|
0-0: Ball 1-0: Swinging Strike 1-1: Ball 2-1: Foul Ball, location: 2F 2-2: Ground out 4-3 (Groundball, 4, EV 84.4 MPH)
|
|
Batting: RHB Danny Bjarnson
|
0-0: Ball 1-0: Swinging Strike 1-1: Ground out 6-3 (Groundball, 56S, EV 80.6 MPH)
|
| Top of the 9th over - 0 runs, 0 hits, 0 errors, 0 left on base; Burlington 2 - Greenville 3 |
|